AoeStats
← Rey David

Scandinavia

510417962Analyzed
1v1 RM · 11h ago on Sep 30, 2026· 29m 20s· 2 players
Game mode
Random Map
Map size
Tiny (2 player)
Population
200
Speed
Normal
Resources
Standard
Victory
Conquest
Starting age
Dark Age
Ending age
Imperial Age
RankedLock teamsTeams togetherTeam positionsShared explorationLock speedFull tech treeHidden civsTurbo modeCheats
Victory
Defeat
🇨🇱 Mongols · Chile
994
+15
🇪🇨 Persians · Ecuador
977
-15
Rey David
3:36 Loom
11:44 Feudal Age
23:20 Castle Age
21:15 Fletching
25:01 Light Cavalry
28:47 Scale Barding Armor
MonssterCore
7:59 Feudal Age
12:36 Loom
13:27 Wheelbarrow
13:42 Double-Bit Axe
14:14 Man-at-Arms
15:48 Horse Collar
18:14 Scale Mail Armor
20:09 Forging
24:39 Castle Age
25:10 Castle Age
24:55 Scale Barding Armor
25:08 Bloodlines
25:55 Husbandry
28:08 Hand Cart
29:48 Iron Casting
Connection lost

Rejoining the realm…

Still unreachable

The connection could not be restored.

Session expired

The server has moved on; the page needs a fresh start.